AoeStats
← Level 2 Slime

African Clearing

510869814Analyzed
2v2 RM · 6h ago on Oct 2, 2026· 44m 52s· 4 players
Game mode
Random Map
Map size
Medium (4 player)
Population
200
Speed
Normal
Resources
Standard
Victory
Conquest
Starting age
Dark Age
Ending age
Imperial Age
RankedLock teamsTeams togetherTeam positionsShared explorationLock speedFull tech treeHidden civsTurbo modeCheats
Victory
Defeat
🇩🇰 Tatars · Denmark
1231
+11
🇩🇰 Varangians · Denmark
973
+21
🇺🇸 Shu · United States
1102
-16
🇪🇸 Huns · Spain
1100
-16
Level 2 Slime
3:18 Loom
SuperLópez
9:45 Loom
14:33 Feudal Age
19:45 Castle Age
18:01 Double-Bit Axe
18:02 Horse Collar
20:11 Fletching
27:50 Padded Archer Armor
31:04 Scale Barding Armor
31:35 Bow Saw
33:25 Bloodlines
34:53 Bodkin Arrow
37:33 Wheelbarrow
37:52 Ballistics
41:00 Imperial Age
38:57 Gold Mining
38:58 Stone Mining
38:58 Town Watch
39:15 Heavy Plow
41:59 Gold Shaft Mining
41:45 Hand Cart
41:33 Town Patrol
41:55 Chain Barding Armor
41:40 Husbandry
41:16 Light Cavalry
42:22 Murder Holes
43:10 Thumb Ring
43:31 Parthian Tactics
43:43 Bracer
43:58 Leather Archer Armor
44:42 Marauders
Vlad_Dracula
4:03 Loom
13:38 Feudal Age
19:30 Castle Age
17:39 Arson
18:54 Double-Bit Axe
20:49 Husbandry
20:59 Bloodlines
24:29 Scale Mail Armor
24:39 Forging
26:00 Chain Mail Armor
27:22 Bow Saw
27:16 Town Watch
29:18 Iron Casting
30:22 Fletching
30:24 Vendel Legacy
33:14 Horse Collar
37:40 Imperial Age
36:42 Squires
36:28 Gambesons
37:49 Bodkin Arrow
38:56 Conscription
39:55 Plate Mail Armor
40:26 Blast Furnace
41:18 Wheelbarrow
40:43 Town Patrol
40:22 Elite Varangian Guard
43:04 Gothikon
MRathS
15:33 Feudal Age
18:47 Horse Collar
18:52 Double-Bit Axe
23:36 Castle Age
21:54 Scale Mail Armor
22:24 Scale Barding Armor
23:57 Forging
23:44 Light Cavalry
24:34 Bloodlines
24:46 Chain Barding Armor
33:13 Bow Saw
41:18 Imperial Age
39:39 Iron Casting
40:01 Fletching
41:34 Ballistics
41:10 Bodkin Arrow
42:13 Bracer
42:40 Padded Archer Armor
43:19 Plate Barding Armor
42:49 Gold Mining
42:49 Stone Mining
43:27 Silk Armor
Connection lost

Rejoining the realm…

Still unreachable

The connection could not be restored.

Session expired

The server has moved on; the page needs a fresh start.